 Dungeon Sprint DCSS version 0.29-a0-337-g68df138881 (webtiles) character file.

Game seed: 6394728347122935731

2769 mhtbhm the Spear-Bearer (level 9, 0/141 HPs)
             Began as a Yellow Draconian Berserker on Apr 16, 2022.
             Was an Elder of Trog.
             Slain by a 12-headed hydra (10 damage)
             ... in the Dungeon (Sprint IX: "|||||||||||||||||||||||||||||").
             The game lasted 00:01:19 (583 turns).

mhtbhm the Spear-Bearer (Yellow Draconian Berserker) Turns: 583, Time: 00:01:20

Health: 0/141      AC: 15    Str: 23    XL:     9   Next: 42%
Magic:  9/9        EV: 17    Int: 12    God:    Trog [****..]
Gold:   0          SH:  0    Dex: 10    Spells: 8/8 levels left

rFire   . . .      SeeInvis .   a - +2 halberd (protect)
rCold   . . .      Faith    .   (shield currently unavailable)
rNeg    . . .      Spirit   .   (body armour unavailable)
rPois   .          Reflect  .   (helmet restricted)
rElec   .          Harm     .   j - +0 cloak
rCorr   +          Rampage  .   (no gloves)
Will    .....      NoTele   +   (no boots)
Stlth   ..........              (no amulet)
HPRegen 0.33/turn               l - +3 ring of intelligence
MPRegen 0.11/turn               k - +2 ring of evasion

@: berserking, under a protective aura, very quick
A: spit acid, AC +7, unfitting armour, cold-blooded, acid resistance
a: Breathe Acid, Renounce Religion, Berserk, Trog's Hand, Brothers in Arms


You were in the Dungeon.
You worshipped Trog.
Trog was greatly pleased with you.
You visited 1 branch

Inventory:

Hand Weapons
 a - a +2 halberd of protection (weapon)
Missiles
 m - 7 poisoned darts (quivered)
Armour
 j - a +0 cloak (worn)
Jewellery
 k - a +2 ring of evasion (right hand)
 l - a +3 ring of intelligence (left hand)
Wands
 i - a wand of iceblast (10)
Scrolls
 g - 2 scrolls of blinking
Potions
 b - 5 potions of curing
 c - 2 potions of heal wounds
 d - a potion of haste
 e - 4 potions of magic
 f - a potion of berserk rage
 h - a potion of invisibility


   Skills:
 + Level 13.8 Fighting
 + Level 14.3 Polearms
 + Level 11.0 Dodging


You had 8 spell levels left.
You didn't know any spells.
Your spell library was empty.

Dungeon Overview and Level Annotations

Branches:
Dungeon (1/1)

Altars:
Cheibriados
Dithmenos
Elyvilon
Fedhas
Gozag
Hepliaklqana
Kikubaaqudgha
Makhleb
Nemelex Xobeh
Okawaru
Qazlal
Ru
Sif Muna
Trog
Uskayaw
Vehumet
Wu Jian
Xom
Yredelemnul
Zin
The Shining One
Beogh
Jiyva
Lugonu


Innate Abilities, Weirdness & Mutations

You can spit globs of acid.
Your golden yellow scales are hard. (AC +7)
You cannot fit into any form of body armour.
You are cold-blooded and may be slowed by cold attacks.
You are resistant to acid. (rCorr)


Message History

The eight-headed hydra grows two more!
You slash the ten-headed hydra!
The ten-headed hydra is almost dead.
Unknown command.
Unknown command.
Press: ? - help, v - describe, . - travel
Here: a ten-headed hydra (almost dead)
An open door, spattered with blood.
Unknown command.
You slice one of the ten-headed hydra's heads off!
The nine-headed hydra grows two more!
You slash the 11-headed hydra!
The 11-headed hydra is severely wounded.
The 11-headed hydra bites you but does no damage.
The 11-headed hydra bites you.
* * * LOW HITPOINT WARNING * * *
The 11-headed hydra bites you.
* * * LOW HITPOINT WARNING * * *
The 11-headed hydra bites you but does no damage.
The 11-headed hydra barely misses you.
The 11-headed hydra bites you but does no damage.
The 11-headed hydra bites you.
* * * LOW HITPOINT WARNING * * *
The 11-headed hydra barely misses you. The 11-headed hydra bites you.
* * * LOW HITPOINT WARNING * * *
The 11-headed hydra barely misses you. The 11-headed hydra bites you.
* * * LOW HITPOINT WARNING * * *
Unknown command.
You chop one of the 11-headed hydra's heads off!
The ten-headed hydra grows two more!
You slice the 12-headed hydra!!
The 12-headed hydra is almost dead.
The 12-headed hydra bites you but does no damage.
The 12-headed hydra closely misses you. The 12-headed hydra misses you.
The 12-headed hydra bites you but does no damage.
The 12-headed hydra bites you.
* * * LOW HITPOINT WARNING * * *
The 12-headed hydra bites you but does no damage. x2
The 12-headed hydra barely misses you. The 12-headed hydra closely misses you.
The 12-headed hydra barely misses you.
The 12-headed hydra bites you but does no damage.
The 12-headed hydra bites you!
You die... ▓▓▓▓▓▓▓▓▓▓▓▓▓▓▓▓▓▓▓▓▓▓▓▓▓ +....(eD@.....)..[[..)?.' ▓▓▓▓▓▓▓▓▓▓▓▓▓▓▓▓▓▓▓▓▓▓▓▓▓

You could see a 12-headed hydra and a deep elf pyromancer.

Vanquished Creatures
  A two-headed ogre (D)
  A tengu warrior (D)
  2 cyclopes (D)
  A yak (D)
  A vampire mosquito (D)
  An acid dragon (D)
  A centaur (D)
  A kobold brigand (D)
  A scorpion (D)
  A howler monkey (D)
  A hound (D)
  2 adders (D)
  An endoplasm (D)
  2 hobgoblins (D)
  2 kobolds (D)
19 creatures vanquished.

Vanquished Creatures (collateral kills)
  A tengu conjurer (D)
1 creature vanquished.

Grand Total: 20 creatures vanquished

Notes
Turn   | Place    | Note
-------+----------+-------------------------------------------
     0 | D        | mhtbhm the Draconian Berserker began the quest for the Orb.
     0 | D        | Reached XP level 1. HP: 19/19 MP: 1/1
    10 | D        | Reached ** piety under Trog
   241 | D        | Noticed a hound
   241 | D        | Noticed a centaur
   241 | D        | Noticed a scorpion
   244 | D        | Reached skill level 4 in Polearms
   244 | D        | Reached XP level 2. HP: 28/28 MP: 2/2
   249 | D        | Killed a scorpion
   249 | D        | Reached *** piety under Trog
   250 | D        | Reached skill level 5 in Polearms
   250 | D        | Reached skill level 5 in Dodging
   250 | D        | Reached XP level 3. HP: 37/37 MP: 3/3
   250 | D        | Reached XP level 4. HP: 44/44 MP: 4/4
   252 | D        | Killed a centaur
   253 | D        | Reached skill level 6 in Polearms
   253 | D        | Reached XP level 5. HP: 52/52 MP: 5/5
   255 | D        | Reached skill level 7 in Polearms
   260 | D        | Found a snail-covered altar of Cheibriados.
   260 | D        | Found a shadowy altar of Dithmenos.
   260 | D        | Found a white marble altar of Elyvilon.
   260 | D        | Found a blossoming altar of Fedhas.
   260 | D        | Found an opulent altar of Gozag.
   261 | D        | Found a hazy altar of Hepliaklqana.
   262 | D        | Found a viscous altar of Jiyva.
   263 | D        | Found an ancient bone altar of Kikubaaqudgha.
   264 | D        | Found a corrupted altar of Lugonu.
   265 | D        | Found a burning altar of Makhleb.
   266 | D        | Found a sparkling altar of Nemelex Xobeh.
   267 | D        | Found an iron altar of Okawaru.
   268 | D        | Found a stormy altar of Qazlal.
   269 | D        | Found a sacrificial altar of Ru.
   270 | D        | Found a shimmering blue altar of Sif Muna.
   271 | D        | Found a bloodstained altar of Trog.
   272 | D        | Found a hide-covered altar of Uskayaw.
   273 | D        | Found a radiant altar of Vehumet.
   274 | D        | Found an ornate altar of the Wu Jian Council.
   275 | D        | Found a shimmering altar of Xom.
   276 | D        | Found a basalt altar of Yredelemnul.
   277 | D        | Found a glowing silver altar of Zin.
   278 | D        | Found a glowing golden altar of the Shining One.
   429 | D        | Noticed a vampire mosquito
   429 | D        | Noticed a two-headed ogre
   429 | D        | Noticed a yak
   429 | D        | Noticed an acid dragon
   435 | D        | Killed an acid dragon
   435 | D        | Reached **** piety under Trog
   436 | D        | Reached skill level 8 in Polearms
   436 | D        | Reached XP level 6. HP: 64/64 MP: 6/6
   438 | D        | Reached skill level 9 in Polearms
   439 | D        | Killed a yak
   440 | D        | Reached skill level 10 in Fighting
   440 | D        | Your scales start taking on a golden yellow colour.
   440 | D        | Reached XP level 7. HP: 72/72 MP: 7/7
   440 | D        | Gained mutation: You are resistant to acid. (rCorr) [Yellow
                  | Draconian growth]
   449 | D        | Killed a two-headed ogre
   450 | D        | Reached skill level 11 in Polearms
   450 | D        | Reached XP level 8. HP: 72/83 MP: 8/8
   504 | D        | Noticed a six-headed hydra
   504 | D        | Noticed a tengu conjurer
   504 | D        | Noticed a cyclops
   504 | D        | Noticed a cyclops
   504 | D        | Noticed a deep elf pyromancer
   504 | D        | Noticed a tengu warrior
   516 | D        | Killed a tengu warrior
   517 | D        | Reached skill level 12 in Polearms
   517 | D        | Reached skill level 10 in Dodging
   519 | D        | Killed a cyclops
   519 | D        | Reached ***** piety under Trog
   520 | D        | Reached skill level 13 in Polearms
   520 | D        | Reached XP level 9. HP: 43/93 MP: 9/9
   523 | D        | Killed a cyclops
   524 | D        | Reached skill level 14 in Polearms
   573 | D        | Killed a tengu conjurer
   583 | D        | Slain by a 12-headed hydra

Illustrated notes

Levels and vault maps discovered:
D:        linesprint [early_d, line_temple, items_1, d_10, items_2, lair_1,
          lair_end, items_3, orc_1, orc_end, items_4, d_15, swamp_1, shoals_1,
          snake_1, spider_1, d_20, vaults_1, items_5, swamp_end, shoals_end,
          snake_end, spider_end, vaults_end, d_27, items_6, zot_1, zot_end,
          crypt_end, forest_end, elf_end, slime_end, tomb_end, abyss_end,
          pan_hell_end]

Skill      XL: |  1  2  3  4  5  6  7  8  9 |
---------------+----------------------------+-----
Dodging        | 3 5 6 7 8 9 10 11 | 11.0
Fighting       | 4 6 7 9 10 11 13 | 13.8
Polearms       | 4 5 6 8 9 11 13 14 | 14.3

Action                   |  1- 3 |  4- 6 |  7- 9 || total
-------------------------+-------+-------+-------++-------
Melee: Spear             |    21 |     4 |       ||    25
       Tailslap          |     5 |     3 |     2 ||    10
       Halberd           |       |     9 |    39 ||    48
Invok: Berserk           |     1 |     1 |     2 ||     4
       Brothers in Arms  |       |       |     1 ||     1
 Abil: Breathe Acid      |       |       |     2 ||     2
  Use: Potion            |       |       |     1 ||     1
Armor: Skin              |     1 |     1 |    26 ||    28
Dodge: Dodged            |     4 |     4 |    39 ||    47

Table legend: (Time is in decaauts)
 A = Elapsed time spent in this place.
 B = Non-inter-level travel time spent in this place.
 C = Inter-level travel time spent in this place.
 D = Time resting spent in this place.
 E = Time spent auto-exploring this place.
 F = Levels seen in this place.
 G = Mean time per level.
                   A        B        C        D        E       F      G
               +--------+--------+--------+--------+--------+-----+--------+
         Total |    596 |    596 |      0 |    430 |      3 |   1 |  596.0 |
       Dungeon |    596 |    596 |      0 |    430 |      3 |   1 |  596.0 |
               +--------+--------+--------+--------+--------+-----+--------+

Top non-repeatable levels by time:
       D: 596 daAuts
